 Dungeon Crawl Stone Soup version 0.23.0 (webtiles) character file.

Game seed: 18143392099529244808

11 Monsterracer the Sneak (level 2, -3/13 HPs)
             Began as a Spriggan Enchanter on Feb 13, 2019.
             Slain by a gnoll
             ... wielding a +0 halberd
              (15 damage)
             ... on level 1 of the Dungeon.
             The game lasted 00:01:52 (559 turns).

Monsterracer the Sneak (Spriggan Enchanter)          Turns: 559, Time: 00:01:53

Health: -3/13      AC:  2    Str:  4    XL:     2   Next: 13%
Magic:  7/7        EV: 18    Int: 16    God:
Gold:   13         SH:  0    Dex: 16    Spells: 4/7 levels left

rFire    . . .     SeeInvis +   a - +1 dagger
rCold    . . .     Gourm    .   (shield restricted)
rNeg     . . .     Faith    .   f - +0 robe
rPois    .         Spirit   .   (helmet restricted)
rElec    .         Reflect  .   (no cloak)
rCorr    .         Harm     .   (gloves unavailable)
MR       .....                  (boots unavailable)
Stlth    ++........             (no amulet)
HPRegen  0.04/turn              n - ring of attention (curse)
MPRegen  0.10/turn              (no ring)

@: very quick
A: very small, unfitting armour, see invisible, herbivore, speed 3, slow
metabolism 2
a: no special abilities


You were on level 1 of the Dungeon.
You were not hungry.

You visited 1 branch of the dungeon, and saw 1 of its levels.

You collected 13 gold pieces.

Inventory:

Hand Weapons
 a - a +1 dagger (weapon)
 b - a +0 short sword
Missiles
 m - a throwing net (quivered) {!f}
Armour
 f - a +0 robe (worn)
Jewellery
 n - a cursed ring of attention (left hand)
Scrolls
 d - a scroll of random uselessness {unknown}
 e - a scroll of magic mapping {unknown}
 g - a scroll of identify {unknown}
 k - a scroll of enchant armour {unknown}
 l - 2 scrolls of teleportation {unknown}
Potions
 h - a potion of degeneration {unknown}
 i - a potion of flight {unknown}
 j - a potion of curing {unknown}
Comestibles
 c - 3 rations


   Skills:
 + Level 1.7 Short Blades
 - Level 3.0 Dodging
 + Level 4.8 Stealth
 * Level 3.0 Spellcasting
 - Level 3.6 Hexes


You had 4 spell levels left.
You knew the following spells:

 Your Spells              Type           Power        Failure   Level  Hunger
b - Ensorcelled Hibernat  Hex/Ice        #.....       14%         2    ##.....
j - Corona                Hex            ##.....      4%          1    #......

Your spell library contained the following spells:

 Spells                   Type           Power        Failure   Level  Hunger
 Confuse                  Hex            ##......     13%         3    ###....
 Tukima's Dance           Hex            ##......     13%         3    ###....
 Dazzling Spray           Conj/Hex       #.....       26%         3    ###....


Dungeon Overview and Level Annotations

Branches:
Dungeon (1/15)

Altars:


Innate Abilities, Weirdness & Mutations

You are very small and have problems with some larger weapons.
You are too small for most types of armour.
You have supernaturally acute eyesight. (SInv)
You are a herbivore.
You cover ground extremely quickly.
You need to consume almost no food.


Message History

You are too injured to fight recklessly!
Casting: Corona (safe; 4% risk of failure)
Confirm with . or Enter, or press ? or * to list all spells.
Aiming: Ensorcelled Hibernation (safe; 14% risk of failure)
Press: ? - help, Shift-Dir - straight line, f - kobold
Aim: a kobold, wielding a +0 whip (chance to defeat MR: 57%)
The kobold looks drowsy...
You now have 4/6 mp.
The helpless kobold fails to defend itself.
You impale the kobold!!
You kill the kobold!
Your Spellcasting skill increases to level 3!
You start resting.
Magic restored.
MP restored: 7 You start resting.
HP restored.
Things that are here:
a +0 whip; 4 stones; a kobold corpse; Health restored: 13
c - 3 rations (gained 1)
l - a scroll labeled ZEFECOUMEU
l - 2 scrolls labeled ZEFECOUMEU (gained 1)
Found a stone staircase leading down.
There is a stone staircase leading down here.
m - a throwing net {!f}
n - a brass ring 2 jackals come into view.
Found 14 stones.
Put on which piece of jewellery? (? for menu, Esc to quit)
That's the wrong kind of item! (Use * to select it.) Put on which piece of jewellery? (? for menu, Esc to quit)
Oops, that ring feels deathly cold.
n - a cursed ring of attention (left hand)
A jackal comes into view.
Found 17 bolts.
A jackal and a gnoll come into view.
The jackal barks! x3
The gnoll shouts!
The jackal barks!
You hit the jackal but do no damage. The jackal closely misses you.
You hit the jackal but do no damage. The jackal barely misses you.
You barely miss the jackal. The jackal bites you.
You take 1 damage, and have 12/13 hp.
You hit the jackal but do no damage. The jackal completely misses you.
The jackal completely misses you.
You closely miss the jackal.
The jackal bites you but does no damage.
You barely miss the jackal. The jackal completely misses you.
Health restored: 13 The jackal closely misses you.
Casting: Ensorcelled Hibernation (safe; 14% risk of failure)
Confirm with . or Enter, or press ? or * to list all spells.
Okay, then.
The jackal misses you.
You closely miss the jackal. The jackal bites you.
The jackal closely misses you.
You take 1 damage, and have 12/13 hp.
You hit the jackal but do no damage. The jackal closely misses you.
The jackal bites the bush but does no damage.
You hit the jackal but do no damage.
The jackal bites the bush but does no damage.
The jackal misses you.
The jackal bites the bush but does no damage.
You hit the jackal but do no damage.
The jackal bites the bush but does no damage.
The jackal bites you but does no damage.
The jackal bites the bush but does no damage. x2
You hit the jackal.
The jackal is moderately wounded.
The jackal closely misses you.
The jackal bites the bush but does no damage. x2
The jackal misses you.
You hit the jackal.
The jackal is heavily wounded.
The jackal bites the bush.
The jackal bites the bush but does no damage.
The jackal bites you.
The jackal bites the bush but does no damage.
You take 1 damage, and have 11/13 hp.
You hit the jackal but do no damage.
The jackal is heavily wounded.
The jackal bites the bush.
The jackal closely misses you.
The jackal bites the bush but does no damage. x2
You hit the jackal but do no damage.
The jackal is heavily wounded.
The jackal misses you.
The jackal bites the bush but does no damage. x2
The jackal closely misses you.
You hit the jackal.
The jackal is severely wounded.
The jackal bites the bush but does no damage.
The gnoll completely misses you.
The jackal bites the bush but does no damage.
The jackal misses you.
You closely miss the jackal.
The jackal is severely wounded.
The jackal bites the bush but does no damage. x2
The jackal closely misses you. The gnoll hits you with a +0 halberd!
Ouch! That really hurt!
You die...

### ##.. P. ##### #..# ♣..
##...## #.## ..♣ ##...P.## #.#≈
.P♣ #....PP.#########.#≈ ♣
#..P♣♣P...........#≈
##.g.♣♣P.....#######≈ ♣..
########..#@PhP.....# #≈ (..
#........###hh.#....#### #≈ ...
#.....>.#####.##.......# #≈
#########....##hh..##....##.####≈
#...#.#.#....#.h.........##...)#.
..#...#.......hPP........#####..8
#.#.#.g.#.....♣♣P.........# #.#.
#.#.#.h.#.....P♣♣♣.#..###.# #...
..#.h.#........PPP.....##.# ##..


You could see a gnoll and 3 jackals.

Vanquished Creatures
  A dart slug (D:1)
  2 goblins (D:1)
  A bat (D:1)
  A frilled lizard (D:1)
  3 kobolds (D:1)
  A rat (D:1)
9 creatures vanquished.

Notes
Turn   | Place    | Note
-------+----------+-------------------------------------------
     0 | D:1      | Monsterracer the Spriggan Enchanter began the quest for the
                  | Orb.
     0 | D:1      | Reached XP level 1. HP: 9/9 MP: 5/5
   174 | D:1      | Reached XP level 2. HP: 9/13 MP: 6/6
   219 | D:1      | Learned a level 2 spell: Ensorcelled Hibernation
   559 | D:1      | Slain by a gnoll

Skill      XL: |  1  2 |
---------------+-------+-----
Spellcasting   | 3 |  3.0
Short Blades   | |  1.7
Dodging        | |  3.0
Stealth        | |  4.8
Hexes          | |  3.6

Action                   || total
-------------------------++-------
Melee: Dagger            ||    36
       Short sword       ||     4
 Cast: Corona            ||     2
       Ensorcelled Hiber ||     1
 Stab: Sleeping          ||     4
Armor: Robe              ||     2
Dodge: Dodged            ||    35

Levels and vault maps discovered:
D:1:      psy_arrival_whirlpool, layout_rooms, serial_forest,
          infiniplex_forest_lined_1, infiniplex_forest_clump_tiny,
          infiniplex_forest_diagonal, infiniplex_forest_clump_medium,
          infiniplex_forest_zigzag_1, infiniplex_forest_lined_4_way,
          infiniplex_forest_clump_small, infiniplex_forest_zigzag_1,
          infiniplex_forest_clump_double, minmay_misc_feat_alley
